AoeStats
← 啊超

Oasis

507069396Analyzed
4v4 RM · 15d ago on Sep 16, 2026· 90m 53s· 8 players
Game mode
Random Map
Map size
Large (8 player)
Population
200
Speed
Normal
Resources
Standard
Victory
Conquest
Starting age
Dark Age
Ending age
Imperial Age
RankedLock teamsTeams togetherTeam positionsShared explorationLock speedFull tech treeHidden civsTurbo modeCheats
Victory
Defeat
🇰🇬 Hindustanis · Kyrgyzstan
1221
+13
🇨🇳 Britons · China
1202
+13
🇨🇳 Mongols · China
1190
+14
🇦🇷 Wei · Argentina
1149
+16
🇨🇳 Bohemians · China
1225
-17
🇨🇳 Franks · China
1161
-15
🇨🇳 Goths · China
1098
-12
🇨🇳 Magyars · China
1088
-12
啊超
3:42 Loom
12:53 Feudal Age
17:32 Castle Age
24:32 Pikeman
48:16 Imperial Age
46:49 Gold Mining
47:11 Husbandry
47:48 Forging
47:43 Scale Barding Armor
48:27 Wheelbarrow
49:25 Iron Casting
49:05 Cavalier
50:38 Gold Shaft Mining
50:54 Paladin
52:36 Blast Furnace
53:28 Hand Cart
55:34 Arson
55:51 Squires
55:37 Gambesons
55:42 Elite Skirmisher
57:31 Chemistry
57:25 Halberdier
58:43 Ballistics
58:49 Chain Barding Armor
58:20 Fletching
58:30 Padded Archer Armor
58:36 Light Cavalry
61:23 Bodkin Arrow
62:04 Plate Barding Armor
63:39 Double-Bit Axe
65:02 Chivalry
66:24 Caravan
66:55 Coinage
68:42 Leather Archer Armor
68:28 Scale Mail Armor
69:24 Banking
屋顶上的轻骑兵
0:28 Loom
10:27 Feudal Age
17:07 Castle Age
15:35 Stone Mining
16:29 Double-Bit Axe
16:27 Horse Collar
24:42 Bow Saw
29:29 Heavy Plow
30:22 Wheelbarrow
36:20 Imperial Age
35:01 Fletching
35:36 Gold Mining
36:16 Hand Cart
36:24 Squires
36:29 Scale Mail Armor
37:31 Conscription
38:22 Conscription
39:24 Stone Shaft Mining
39:41 Anarchy
39:52 Anarchy
39:52 Perfusion
40:36 Forging
40:43 Chain Mail Armor
40:10 Elite Skirmisher
41:05 Pikeman
41:06 Man-at-Arms
42:51 Iron Casting
44:06 Two-Man Saw
43:38 Crop Rotation
44:38 Chemistry
44:19 Town Watch
44:04 Halberdier
47:10 Blast Furnace
46:11 Padded Archer Armor
59:35 Padded Archer Armor
59:31 Bodkin Arrow
66:50 Caravan
68:23 Leather Archer Armor
86:38 Long Swordsman
棒棒糖
6:27 Loom
10:32 Feudal Age
11:21 Double-Bit Axe
17:32 Bloodlines
17:53 Horse Collar
20:40 Wheelbarrow
23:41 Castle Age
22:05 Scale Barding Armor
22:19 Gold Mining
24:28 Husbandry
24:50 Chain Barding Armor
26:54 Bow Saw
26:46 Heavy Plow
30:58 Gold Shaft Mining
34:40 Stone Mining
36:09 Hand Cart
35:40 Town Watch
39:48 Imperial Age
39:14 Corvinian Army
40:16 Fletching
40:27 Padded Archer Armor
40:28 Scale Mail Armor
40:16 Arson
40:46 Treadmill Crane
41:02 Murder Holes
41:01 Elite Skirmisher
41:47 Thumb Ring
41:48 Recurve Bow
42:08 Conscription
42:43 Leather Archer Armor
42:24 Bodkin Arrow
43:06 Plate Barding Armor
42:48 Elite Magyar Huszar
42:56 Cavalier
44:41 Parthian Tactics
44:51 Ring Archer Armor
44:23 Bracer
44:49 Ballistics
45:29 Light Cavalry
46:37 Hussar
48:19 Paladin
49:45 Chain Mail Armor
49:49 Heavy Cavalry Archer
50:48 Caravan
51:45 Hoardings
52:57 Two-Man Saw
52:29 Crop Rotation
83:46 Capped Ram
精锐磁暴步兵
11:27 Feudal Age
11:57 Double-Bit Axe
11:53 Horse Collar
14:13 Loom
17:55 Castle Age
19:31 Scale Barding Armor
24:20 Chain Barding Armor
24:02 Husbandry
24:30 Forging
24:07 Town Watch
24:55 Fervor
26:02 Wheelbarrow
28:48 Bow Saw
28:39 Heavy Plow
30:17 Pikeman
30:58 Scale Mail Armor
31:29 Hand Cart
36:32 Imperial Age
34:10 Padded Archer Armor
34:25 Chain Mail Armor
35:40 Chemistry
35:09 Wagenburg Tactics
35:57 Leather Archer Armor
36:32 Ballistics
36:04 Fletching
37:24 Iron Casting
36:54 Squires
38:39 Two-Man Saw
38:01 Conscription
37:48 Hussite Reforms
38:39 Ring Archer Armor
38:08 Halberdier
39:05 Siege Engineers
40:27 Plate Mail Armor
40:58 Blast Furnace
39:44 Arson
41:02 Redemption
41:17 Illumination
41:07 Block Printing
41:51 Theocracy
41:34 Elite Hussite Wagon
43:02 Sanctity
44:03 Elite Skirmisher
44:38 Bodkin Arrow
44:30 Houfnice
45:31 Bracer
45:13 Treadmill Crane
48:35 Capped Ram
50:13 Bombard Tower
53:29 Masonry
69:29 Man-at-Arms
72:40 Long Swordsman
72:58 Light Cavalry
76:11 Caravan
80:04 Two-Handed Swordsman
85:33 Champion
Doomsday
7:19 Loom
10:54 Feudal Age
12:27 Double-Bit Axe
15:08 Fletching
21:23 Padded Archer Armor
27:34 Castle Age
27:18 Gold Mining
27:40 Crossbowman
28:23 Bodkin Arrow
30:06 Leather Archer Armor
35:32 Gold Shaft Mining
40:14 Imperial Age
38:23 Wheelbarrow
38:17 Stone Mining
40:35 Ballistics
40:32 Arbalester
41:15 Bracer
41:46 Ring Archer Armor
42:30 Chemistry
41:49 Hand Cart
42:27 Bow Saw
44:05 Onager
49:19 Yeomen
49:21 Conscription
54:15 Squires
53:44 Pikeman
53:55 Elite Skirmisher
54:49 Halberdier
56:03 Scale Mail Armor
56:14 Forging
61:43 Horse Collar
68:57 Two-Man Saw
68:22 Caravan
78:12 Chain Mail Armor
80:09 Plate Mail Armor
80:15 Iron Casting
83:29 Arson
85:02 Blast Furnace
83:37 Capped Ram
卟离卟弃
5:27 Loom
11:16 Feudal Age
12:57 Double-Bit Axe
13:36 Horse Collar
14:51 Gold Mining
19:04 Fletching
20:54 Wheelbarrow
hawki2518
10:57 Feudal Age
11:29 Loom
12:09 Double-Bit Axe
14:50 Wheelbarrow
19:55 Castle Age
24:10 Squires
23:31 Pikeman
27:40 Horse Collar
28:13 Bow Saw
29:14 Stone Mining
29:17 Gold Mining
29:49 Fletching
31:04 Bodkin Arrow
32:00 Gold Shaft Mining
31:29 Heavy Plow
32:18 Stone Shaft Mining
32:48 Hand Cart
33:20 Ballistics
32:57 Murder Holes
36:27 Imperial Age
34:17 Padded Archer Armor
34:18 Town Watch
35:33 Bloodlines
35:24 Husbandry
35:31 Thumb Ring
36:50 Leather Archer Armor
36:01 Light Cavalry
37:03 Elite Mangudai
38:07 Conscription
38:00 Bracer
38:10 Forging
38:06 Scale Barding Armor
38:30 Parthian Tactics
37:32 Hussar
37:56 Capped Ram
40:38 Drill
40:56 Hoardings
40:32 Siege Engineers
41:28 Chemistry
40:15 Siege Ram
41:15 Masonry
46:54 Nomads
64:03 Onager
67:27 Siege Onager
70:10 Town Patrol
French Connection
7:20 Loom
9:44 Feudal Age
12:58 Forging
20:48 Castle Age
19:00 Double-Bit Axe
19:48 Gold Mining
21:12 Wheelbarrow
21:19 Stone Mining
25:26 Horse Collar
27:15 Fletching
33:45 Imperial Age
32:31 Hand Cart
32:48 Bow Saw
34:00 Bloodlines
34:02 Scale Barding Armor
33:53 Heavy Camel Rider
36:08 Iron Casting
36:38 Husbandry
37:31 Gold Shaft Mining
37:52 Bodkin Arrow
37:57 Padded Archer Armor
39:30 Chemistry
40:15 Leather Archer Armor
40:06 Shatagni
41:05 Bracer
42:28 Ring Archer Armor
42:17 Imperial Camel Rider
45:08 Chain Barding Armor
46:28 Plate Barding Armor
46:48 Caravan
48:10 Blast Furnace
49:11 Grand Trunk Road
50:40 Stone Shaft Mining
51:33 Hoardings
50:34 Light Cavalry
53:11 Heavy Plow
53:48 Hussar
64:58 Two-Man Saw
75:39 Elite Ghulam
76:46 Conscription
76:29 Scale Mail Armor
76:58 Town Watch
78:56 Chain Mail Armor
83:04 Squires
82:50 Arson
Connection lost

Rejoining the realm…

Still unreachable

The connection could not be restored.

Session expired

The server has moved on; the page needs a fresh start.